[Event "Titled Tuesday Blitz May 16 Late 2023"]
[White "Kim, Sergey"]
[Black "Papayan, Oleg"]
[WhiteFideId "13700570"]
[BlackFideId "4193911"]
[WhiteElo "2581"]
[BlackElo "2171"]
[Result "1-0"]
[Round "10"]
[TimeControl "180+2"]
[Date "2023.05.16"]
[WhiteClock "0:00:05"]
[BlackClock "0:00:33"]

1. d4 Nf6 2. c4 e6 3. Nc3 Bb4 4. Qc2 O-O 5. a3 Bxc3+ 6. Qxc3 d5 7. Nf3 dxc4 8. Qxc4 b6 9. g3 Bb7 10. Bg2 Nbd7 11. O-O c5 12. Rd1 Bd5 13. Qa4 c4 14. Bf4 a6 15. Ne5 b5 16. Qc2 Bxg2 17. Kxg2 Nd5 18. Qe4 N7f6 19. Qf3 Nxf4+ 20. Qxf4 Rc8 21. Rac1 Qc7 22. Qf3 Nd7 23. Nd3 Qd6 24. Nf4 Nb6 25. e4 Na4 26. e5 Qe7 27. Rc2 Rfd8 28. h4 a5 29. h5 b4 30. axb4 axb4 31. h6 g6 32. d5 b3 33. Rcd2 c3 34. bxc3 Nxc3 35. Re1 Nxd5 36. Nxd5 exd5 37. Qxb3 d4 38. Qf3 Qg5 39. Red1 Qxe5 40. Re2 Qd5 41. Re8+ Rxe8 42. Qxd5 Rcd8 43. Qc6 d3 44. Qf6 d2 45. Qg7# 1-0


[Site "https://www.chess.com"]

[Event "Titled Tuesday Blitz May 16 Late 2023"]
[White "Spata, German"]
[Black "Kielinkei"]
[WhiteFideId "113026"]
[WhiteElo "2260"]
[BlackElo "2441"]
[Result "1-0"]
[Round "10"]
[TimeControl "180+2"]
[Date "2023.05.16"]
[WhiteClock "0:00:05"]
[BlackClock "0:00:02"]

1. e4 c5 2. b3 d5 3. exd5 Qxd5 4. Nc3 Qd8 5. Bb5+ Bd7 6. Qe2 e6 7. Bb2 Nf6 8. Nf3 Bxb5 9. Qxb5+ Qd7 10. O-O-O Nc6 11. Rhe1 Be7 12. Ne4 Nxe4 13. Rxe4 O-O 14. d4 cxd4 15. Nxd4 Bf6 16. Ree1 a6 17. Qc4 Nxd4 18. Bxd4 Bxd4 19. Rxd4 Qe7 20. g3 Rfd8 21. Red1 Rxd4 22. Qxd4 h6 23. Qd7 Kf8 24. Kb2 Re8 25. Qxe7+ Kxe7 26. c4 Rc8 27. Kc3 b5 28. Rd4 e5 29. Rd5 bxc4 30. bxc4 Ke6 31. Ra5 Rc6 32. Kb4 Kd6 33. Rd5+ Ke6 34. Rd2 f5 35. c5 e4 36. Kc4 g5 37. Rd8 f4 38. Rf8 Ke5 39. g4 e3 40. Re8+ Re6 41. Rxe6+ Kxe6 42. fxe3 fxe3 43. Kd3 Kd5 44. Kxe3 Kxc5 45. Ke4 a5 46. Kf5 a4 47. Kg6 a3 48. Kxh6 Kb4 49. Kxg5 Kc3 50. Kh6 Kb2 51. g5 Kxa2 52. g6 Kb3 53. g7 a2 54. g8=Q+ Kb2 55. Qxa2+ 1-0


[Site "https://www.chess.com"]

[Event "Titled Tuesday Blitz May 16 Late 2023"]
[White "Romkachess"]
[Black "Avalos Parra, Joao"]
[BlackFideId "3402541"]
[WhiteElo "2566"]
[BlackElo "2173"]
[Result "0-1"]
[Round "10"]
[TimeControl "180+2"]
[Date "2023.05.16"]
[WhiteClock "0:00:31"]
[BlackClock "0:00:37"]

1. e4 e5 2. d4 exd4 3. Qxd4 Nc6 4. Qe3 Nf6 5. Nc3 Bb4 6. Bd2 O-O 7. O-O-O Re8 8. Qg3 Nxe4 9. Nxe4 Rxe4 10. c3 Be7 11. Bd3 Bh4 12. Qf3 Re8 13. Bc2 d6 14. g3 Bg5 15. h4 Bxd2+ 16. Rxd2 Ne5 17. Qg2 Nc4 18. Rd1 Bg4 19. Rf1 c6 20. h5 Qb6 21. b3 Na3 22. Rh4 Be6 23. h6 g6 24. Nf3 Nxc2 25. Kxc2 Qa6 26. Kb2 Qe2+ 27. Ka3 Bd5 28. Rf4 a5 29. c4 b5 30. cxd5 b4+ 31. Rxb4 axb4+ 32. Kxb4 cxd5 33. Re1 Re4+ 34. Kc3 Rc8# 0-1


[Site "https://www.chess.com"]

[Event "Titled Tuesday Blitz May 16 Late 2023"]
[White "Tisaj, Domen"]
[Black "Buchenau, Frank"]
[WhiteFideId "14628708"]
[BlackFideId "4604350"]
[WhiteElo "2340"]
[BlackElo "2157"]
[Result "0-1"]
[Round "10"]
[TimeControl "180+2"]
[Date "2023.05.16"]
[WhiteClock "0:01:53"]
[BlackClock "0:02:09"]

1. b3 d5 2. e3 e5 3. Bb2 Nd7 4. Nf3 Bd6 5. d4 e4 6. Ne5 Qe7 7. Nxd7 Bxd7 8. c4 c6 9. Nc3 Nf6 10. cxd5 cxd5 11. Be2 a6 12. O-O O-O 13. Rc1 Rac8 14. Qd2 b5 15. f3 b4 16. Na4 Bb5 17. fxe4 Nxe4 18. Qd1 Qh4 0-1


[Site "https://www.chess.com"]

[Event "Titled Tuesday Blitz May 16 Late 2023"]
[White "Bryant, Todd"]
[Black "OPQRC"]
[WhiteFideId "2031299"]
[WhiteElo "2382"]
[BlackElo "2559"]
[Result "1/2-1/2"]
[Round "10"]
[TimeControl "180+2"]
[Date "2023.05.16"]
[WhiteClock "0:00:08"]
[BlackClock "0:00:03"]

1. e4 c5 2. Nf3 e6 3. d4 cxd4 4. Nxd4 Nf6 5. Nc3 Nc6 6. Ndb5 Bb4 7. a3 Bxc3+ 8. Nxc3 d5 9. exd5 exd5 10. Bd3 O-O 11. O-O h6 12. Ne2 Re8 13. Bf4 Ne5 14. Bb5 Re7 15. Nd4 a6 16. Be2 Qb6 17. Nb3 Nc4 18. Bxc4 dxc4 19. Qd4 Qxd4 20. Nxd4 Re4 21. Be3 Nd5 22. Rfe1 Nxe3 23. fxe3 Bg4 24. h3 Bh5 25. Nf5 Re5 26. g4 Bg6 27. e4 Rd8 28. Re2 Bxf5 29. gxf5 Rb5 30. c3 Rd3 31. Kg2 g6 32. fxg6 Rg5+ 33. Kh2 Rxg6 34. Rae1 Rgg3 35. Rg2 Rxg2+ 36. Kxg2 Rd2+ 37. Kf3 Rxb2 38. Ke3 b5 39. Kd4 Rd2+ 40. Kc5 Rd3 41. Kb6 Rxc3 42. Kxa6 Rxa3+ 43. Kxb5 Rxh3 44. Kxc4 Ra3 45. Kd4 Ra4+ 46. Ke5 Ra5+ 47. Kf6 Ra6+ 48. Kf5 Kg7 49. e5 Rg6 50. Re2 Rg5+ 51. Kf4 Kg6 52. Ra2 Rf5+ 53. Ke4 Rf1 54. Rg2+ Kh7 55. Rh2 Re1+ 56. Kf5 Rf1+ 57. Ke4 Kg7 58. Rg2+ Kh7 59. Rh2 1/2-1/2


[Site "https://www.chess.com"]

[Event "Titled Tuesday Blitz May 16 Late 2023"]
[White "Erzhanov, Arman"]
[Black "Gerbelli Neto, Eduardo"]
[WhiteFideId "4138821"]
[BlackFideId "2103281"]
[WhiteElo "2138"]
[BlackElo "2178"]
[Result "1-0"]
[Round "10"]
[TimeControl "180+2"]
[Date "2023.05.16"]
[WhiteClock "0:02:24"]
[BlackClock "0:01:06"]

1. e4 e5 2. Nf3 Nc6 3. Bb5 a6 4. Bxc6 dxc6 5. O-O Bg4 6. d3 Qf6 7. h3 h5 8. Be3 Bxf3 9. Qxf3 Qxf3 10. gxf3 Bd6 11. Nd2 Ne7 12. Rfb1 f5 13. Nc4 f4 14. Bd2 Kf7 15. Kf1 g5 16. Ke2 Ke6 17. Rg1 Rag8 18. a4 c5 19. Rg2 Rh7 20. Rag1 Rhg7 21. a5 Nc6 22. c3 Be7 23. Ra1 Rd8 24. Ra3 Rb8 25. Rb3 Bd8 26. Rg1 b5 27. axb6 cxb6 28. Ra1 b5 29. Rxa6 bxc4 30. Rxb8 1-0


[Site "https://www.chess.com"]

[Event "Titled Tuesday Blitz May 16 Late 2023"]
[White "Silvestre, Christian"]
[Black "Musovic, Armin"]
[WhiteFideId "30956269"]
[BlackFideId "939935"]
[WhiteElo "2358"]
[BlackElo "2322"]
[Result "1/2-1/2"]
[Round "10"]
[TimeControl "180+2"]
[Date "2023.05.16"]
[WhiteClock "0:00:01"]
[BlackClock "0:00:08"]

1. c4 c5 2. Nc3 Nc6 3. Nf3 g6 4. g3 Bg7 5. Bg2 Nf6 6. O-O O-O 7. d3 d5 8. cxd5 Nxd5 9. Bd2 Bg4 10. a3 e5 11. Nxd5 Qxd5 12. h3 Bxf3 13. Bxf3 Qe6 14. Bxc6 bxc6 15. Kg2 e4 16. Bc3 Rfd8 17. Bxg7 Kxg7 18. Qc2 exd3 19. exd3 Qd5+ 20. Kh2 Qxd3 21. Qxc5 Rab8 22. b4 Rb5 23. Qxc6 Rh5 24. Rac1 Qf5 25. Qc3+ Kg8 26. h4 g5 27. Qc5 gxh4 28. Qxf5 Rxf5 29. gxh4 Rd4 30. Rg1+ Kf8 31. Rc8+ Ke7 32. Rc7+ Kd6 33. Rxa7 Rxh4+ 34. Kg3 Rhf4 35. Rd1+ Ke6 36. Ra6+ Ke7 37. Rd2 h5 38. Rh6 Rg4+ 39. Kh2 Kf8 40. f3 Rxf3 41. Rxh5 Rxa3 42. Rb2 Rg6 43. b5 Ra5 44. Rf5 Kg7 45. Rbf2 Rh6+ 46. Kg3 Ra3+ 47. Kg4 Rg6+ 48. Rg5 Ra4+ 49. Rf4 Ra1 50. Rxg6+ Kxg6 51. Rb4 f5+ 52. Kf4 Rf1+ 53. Ke5 Re1+ 54. Kf4 Re8 55. b6 Rb8 56. Ke5 Kg5 57. b7 f4 58. Kd6 f3 59. Kc7 Rf8 60. Rb1 Kg4 61. Rg1+ Kh3 62. Rf1 Kg2 63. Rxf3 Kxf3 64. b8=Q Rxb8 65. Kxb8 1/2-1/2


[Site "https://www.chess.com"]

[Event "Titled Tuesday Blitz May 16 Late 2023"]
[White "cristianserban1"]
[Black "lluiss"]
[WhiteElo "2516"]
[BlackElo "2305"]
[Result "1-0"]
[Round "10"]
[TimeControl "180+2"]
[Date "2023.05.16"]
[WhiteClock "0:00:22"]
[BlackClock "0:00:11"]

1. d4 Nf6 2. Bf4 g6 3. Nc3 d5 4. e3 Bg7 5. Nf3 O-O 6. Nb5 Na6 7. h3 c6 8. Nc3 Nc7 9. Be2 Ne6 10. Bh2 h6 11. O-O Ng5 12. Ne5 Nge4 13. a4 Nxc3 14. bxc3 Ne4 15. Qe1 Nd6 16. c4 dxc4 17. Nxc4 Be6 18. Nxd6 exd6 19. Qb4 c5 20. Qxb7 cxd4 21. exd4 Bxd4 22. Rad1 Bc5 23. Qa6 Qb6 24. Bxd6 Bxd6 25. Rxd6 Qb2 26. Bd3 g5 27. Re1 Qg7 28. Rexe6 fxe6 29. Rxe6 Qa1+ 30. Kh2 Rf7 31. Rg6+ Kf8 32. Qd6+ Re7 33. Rf6+ Ke8 34. Bg6+ 1-0


[Site "https://www.chess.com"]

[Event "Titled Tuesday Blitz May 16 Late 2023"]
[White "Karas, Marek"]
[Black "Harish, Neeraj"]
[WhiteFideId "14928558"]
[BlackFideId "30958130"]
[WhiteElo "2233"]
[BlackElo "1879"]
[Result "1/2-1/2"]
[Round "10"]
[TimeControl "180+2"]
[Date "2023.05.16"]
[WhiteClock "0:00:10"]
[BlackClock "0:00:05"]

1. h4 e5 2. c4 Nf6 3. e3 d5 4. cxd5 Nxd5 5. Nc3 Nc6 6. Nf3 Ndb4 7. Bc4 Nd3+ 8. Ke2 Nc5 9. Ng5 Ne6 10. Nxe6 Bxe6 11. Bxe6 fxe6 12. Qa4 Be7 13. Qe4 O-O 14. d3 Nb4 15. a3 Nd5 16. Bd2 Bf6 17. g3 Nxc3+ 18. Bxc3 Qd5 19. Rhd1 Qxe4 20. dxe4 Rad8 21. Rxd8 Rxd8 22. Rc1 c5 23. a4 Kf7 24. b3 Ke7 25. h5 g6 26. hxg6 hxg6 27. Rh1 Rh8 28. Rxh8 Bxh8 29. f4 Kd6 30. Kd3 b6 31. Kc4 a6 32. b4 cxb4 33. Bxb4+ Kc6 34. g4 exf4 35. exf4 b5+ 36. axb5+ axb5+ 37. Kd3 Bf6 38. e5 Bh4 39. Ke4 Bg3 40. Bd6 Bh2 41. Bb4 Bg3 42. Bd2 Bh4 43. Be3 Be7 44. f5 gxf5+ 45. gxf5 exf5+ 46. Kxf5 Kd7 47. e6+ Ke8 48. Ke4 b4 49. Bd4 Bf8 50. Kd5 Be7 51. Kc4 Bf8 52. Bf6 Bd6 53. Kd5 Bf8 54. Bd4 Be7 55. Bb2 Bf8 56. Bd4 1/2-1/2


[Site "https://www.chess.com"]

[Event "Titled Tuesday Blitz May 16 Late 2023"]
[White "chess123456s"]
[Black "Fan_Of_Chucky"]
[WhiteElo "2588"]
[BlackElo "2430"]
[Result "0-1"]
[Round "10"]
[TimeControl "180+2"]
[Date "2023.05.16"]
[WhiteClock "0:00:20"]
[BlackClock "0:00:34"]

1. Nf3 c5 2. e3 Nf6 3. b3 g6 4. Bb2 Bg7 5. Be2 O-O 6. c4 d5 7. O-O d4 8. exd4 Nh5 9. Ne5 cxd4 10. Bxh5 Bxe5 11. Bf3 Nc6 12. d3 Qc7 13. g3 Bh3 14. Bg2 Bxg2 15. Kxg2 f5 16. f4 Bg7 17. Nd2 e5 18. fxe5 Nxe5 19. Nf3 Ng4 20. Bc1 Qc6 21. Kg1 Ne3 22. Bxe3 dxe3 23. d4 Qe4 24. Qe2 Bxd4 25. Nxd4 Qxd4 26. Rad1 Qb6 27. Rd7 Rad8 28. Rfd1 Rxd7 29. Rxd7 Rf7 30. Rd3 Re7 31. Kg2 Qc6+ 32. Kg1 Qe4 33. Rd8+ Kf7 34. Rd1 h5 35. c5 h4 36. Rd6 hxg3 37. hxg3 Qe5 38. Qc4+ Kg7 39. Rd8 Qxg3+ 40. Kh1 Qf3+ 41. Kh2 Qf2+ 42. Kh3 Kf6 43. Qd4+ Kg5 44. Qd6 Rh7# 0-1


[Site "https://www.chess.com"]

[Event "Titled Tuesday Blitz May 16 Late 2023"]
[White "reevecanada"]
[Black "Boor, Carl"]
[BlackFideId "2017008"]
[WhiteElo "2397"]
[BlackElo "2330"]
[Result "1-0"]
[Round "10"]
[TimeControl "180+2"]
[Date "2023.05.16"]
[WhiteClock "0:01:26"]
[BlackClock "0:00:07"]

1. e4 h5 2. d4 a5 3. Nf3 e6 4. Nc3 h4 5. Bd3 h3 6. g3 d6 7. O-O Nc6 8. a3 Nf6 9. Re1 Ng4 10. Bb5 Bd7 11. d5 Nce5 12. Nxe5 Nxe5 13. Bxd7+ Qxd7 14. f4 Ng6 15. dxe6 fxe6 16. Be3 Qf7 17. Qg4 Ne7 18. Nb5 Rc8 19. Nd4 Kd7 20. f5 exf5 21. exf5 Qh5 22. Qe4 c6 23. Bf4 Rd8 24. Ne6 Re8 25. Rad1 d5 26. Qe5 Rc8 27. Qd6+ Ke8 28. Nxg7+ 1-0


[Site "https://www.chess.com"]

[Event "Titled Tuesday Blitz May 16 Late 2023"]
[White "Weber, Samuel"]
[Black "Karttunen, Mika"]
[WhiteFideId "12924008"]
[BlackFideId "502081"]
[WhiteElo "2162"]
[BlackElo "2396"]
[Result "0-1"]
[Round "10"]
[TimeControl "180+2"]
[Date "2023.05.16"]
[WhiteClock "0:00:00"]
[BlackClock "0:00:12"]

1. b3 Nf6 2. Bb2 e6 3. c4 d5 4. e3 c5 5. Nf3 Nc6 6. cxd5 exd5 7. d4 cxd4 8. Nxd4 Bb4+ 9. Nd2 Ne4 10. Nf3 Qa5 11. a3 Bc3 12. b4 Qd8 13. Bxc3 Nxc3 14. Qc2 d4 15. Ne4 Bf5 16. Bd3 Qe7 17. Nd6+ Qxd6 18. Bxf5 g6 19. Be4 Rc8 20. O-O O-O 21. Bxc6 Rxc6 22. Nxd4 Rc7 23. Rac1 Rfc8 24. Qb2 Na4 25. Qa1 Nc3 26. Rc2 a6 27. h4 h5 28. g3 Qd5 29. Kh2 Qe4 30. Rfc1 Qd3 31. Qb2 Na4 32. Qa1 Rxc2 33. Rxc2 Rxc2 34. Nxc2 Qxc2 35. Qf6 Qc6 36. Qd8+ Kg7 37. Qd4+ Kh7 38. g4 hxg4 39. Qxg4 Nb6 40. h5 Nd5 41. hxg6+ fxg6 42. e4 Nf6 43. Qh4+ Kg7 44. e5 Nh5 45. Qe7+ Kh6 46. Qf8+ Kg5 47. Qe7+ Kg4 48. Qf7 Nf4 0-1


[Site "https://www.chess.com"]

[Event "Titled Tuesday Blitz May 16 Late 2023"]
[White "Goswami, Vedant"]
[Black "Haszon, David"]
[WhiteFideId "5003725"]
[BlackFideId "733610"]
[WhiteElo "2011"]
[BlackElo "2210"]
[Result "1-0"]
[Round "10"]
[TimeControl "180+2"]
[Date "2023.05.16"]
[WhiteClock "0:01:37"]
[BlackClock "0:02:04"]

1. d4 Nf6 2. Nf3 g6 3. c3 Bg7 4. Bf4 O-O 5. Nbd2 d5 6. e3 c5 7. h3 Nc6 8. Be2 b6 9. O-O Bb7 10. Ne5 Nd7 11. Nxc6 Bxc6 12. Bg5 h6 13. Bh4 Qe8 14. f4 Nf6 15. Bd3 Bb5 16. Qe2 Bxd3 17. Qxd3 c4 18. Qc2 b5 19. Rae1 e6 20. Bxf6 Bxf6 21. e4 Qc6 22. e5 Bg7 23. g4 a5 24. f5 g5 25. f6 Bh8 26. h4 Rfb8 27. hxg5 hxg5 28. Nf3 Kf8 29. Nxg5 Ke8 30. Qh7 Kd7 31. Qxf7+ Kc8 32. Qxe6+ 1-0


[Site "https://www.chess.com"]

[Event "Titled Tuesday Blitz May 16 Late 2023"]
[White "Golubev, Mikhail"]
[Black "Prieto Aranguren, Alain"]
[WhiteFideId "14100983"]
[BlackFideId "2268906"]
[WhiteElo "2374"]
[BlackElo "2209"]
[Result "1/2-1/2"]
[Round "10"]
[TimeControl "180+2"]
[Date "2023.05.16"]
[WhiteClock "0:00:05"]
[BlackClock "0:00:57"]

1. e4 c6 2. d4 d5 3. Nc3 dxe4 4. Nxe4 Nf6 5. Nxf6+ exf6 6. c3 Bd6 7. Bd3 O-O 8. Ne2 Re8 9. O-O Nd7 10. Ng3 Nf8 11. Nf5 Bc7 12. Qf3 Ng6 13. Be3 Be6 14. h4 Bxf5 15. Qxf5 Qd6 16. Qh3 Nf4 17. Bxf4 Qxf4 18. Rad1 Re6 19. g3 Qf3 20. Qf5 Qxf5 21. Bxf5 Re7 22. Rfe1 Rae8 23. Rxe7 Rxe7 24. Kf1 g6 25. Bc2 Kf8 26. Re1 Rxe1+ 27. Kxe1 Ke7 28. Ke2 Bd6 29. Be4 Kd7 30. b4 b6 31. a4 c5 32. dxc5 bxc5 33. b5 Bc7 34. Kd3 Kd6 35. Kc4 Bb6 36. Bd5 Ke5 37. Bxf7 g5 38. h5 h6 39. Be8 f5 40. Bd7 f4 41. g4 Ke4 42. Bc6+ Ke5 43. f3 Ke6 44. Be4 Ke5 45. Kd3 Ba5 46. Bc6 Bb6 47. Kc4 Ke6 48. Bd5+ Ke5 49. Be4 Ke6 50. Bf5+ Ke5 51. Bd3 Ke6 52. Bc2 Ke5 53. Be4 Ke6 54. Bd5+ Ke5 55. Be4 1/2-1/2


[Site "https://www.chess.com"]

[Event "Titled Tuesday Blitz May 16 Late 2023"]
[White "Carrasco Miranda, Andres"]
[Black "Bilan, Danila"]
[WhiteFideId "3405990"]
[BlackFideId "24161918"]
[WhiteElo "2183"]
[BlackElo "2182"]
[Result "1/2-1/2"]
[Round "10"]
[TimeControl "180+2"]
[Date "2023.05.16"]
[WhiteClock "0:00:05"]
[BlackClock "0:00:11"]

1. d4 d5 2. c4 c6 3. Nf3 Nf6 4. Qb3 dxc4 5. Qxc4 g6 6. Nc3 Bg7 7. Bf4 O-O 8. e3 Nbd7 9. h3 Nb6 10. Qb3 Nfd5 11. Bh2 Be6 12. Qc2 Nb4 13. Qd2 Nc4 14. Qc1 c5 15. d5 Nxb2 16. Qxb2 Bxd5 17. Be5 f6 18. Nxd5 Qxd5 19. Bc3 Nd3+ 20. Bxd3 Qxd3 21. Rd1 Qa6 22. Qe2 Qxe2+ 23. Kxe2 Rfd8 24. Rxd8+ Rxd8 25. Rd1 Rxd1 26. Kxd1 Kf7 27. a4 Ke6 28. e4 Kd6 29. Kc2 b6 30. Kd3 a6 31. g4 b5 32. axb5 axb5 33. Ba5 e6 34. Bd8 Kd7 35. Ba5 Kc6 36. Nd2 c4+ 37. Nxc4 bxc4+ 38. Kxc4 Kd7 39. Bc3 Ke7 40. Kc5 Kf7 41. Kd6 Bf8+ 42. Kd7 Bc5 43. f3 Be3 44. Bb2 h5 45. Bc3 hxg4 46. hxg4 f5 47. exf5 exf5 48. gxf5 gxf5 49. Kd6 Kg6 50. Ke5 Bg5 51. Ke6 Bh4 52. Be5 Bg5 53. Bd4 Bf4 54. Bc3 Be3 55. Be5 Bc1 56. Bd4 Bf4 57. Bc3 Kg5 58. Bf6+ Kg6 59. Bd4 Bg3 60. Bc3 Bf2 61. Be5 Bg1 62. Bc3 Bh2 63. Bd4 Bc7 64. Bc3 Bb6 65. Be5 Kg5 66. Bf6+ Kf4 67. Be5+ Kg5 68. Bf6+ Kg6 69. Be5 Bd8 70. Bd4 Bg5 71. Be5 Bh6 72. Bd4 Bf4 1/2-1/2


[Site "https://www.chess.com"]

[Event "Titled Tuesday Blitz May 16 Late 2023"]
[White "Jovic, Stanoje"]
[Black "Georg, Heinz"]
[WhiteFideId "905020"]
[BlackFideId "4607295"]
[WhiteElo "2236"]
[BlackElo "2321"]
[Result "1-0"]
[Round "10"]
[TimeControl "180+2"]
[Date "2023.05.16"]
[WhiteClock "0:00:04"]
[BlackClock "0:00:00"]

1. c4 f5 2. g3 Nf6 3. Bg2 d6 4. d4 e6 5. Nc3 Be7 6. Nh3 O-O 7. O-O c6 8. f4 Qc7 9. d5 cxd5 10. cxd5 e5 11. Ng5 e4 12. Ne6 Bxe6 13. dxe6 Nc6 14. Be3 Rfe8 15. Nd5 Qc8 16. Rc1 Bd8 17. Nxf6+ Bxf6 18. Qxd6 Qxe6 19. Qxe6+ Rxe6 20. Rfd1 Rd8 21. Rxd8+ Bxd8 22. Rd1 Bf6 23. b3 Kf7 24. g4 g6 25. Bh3 fxg4 26. Bxg4 Re8 27. Rd5 Rd8 28. Rxd8 Bxd8 29. Bc8 b6 30. Bb7 Nb4 31. Bxe4 Nxa2 32. Bd5+ Ke7 33. Bd2 a5 34. e4 Nb4 35. Bg8 Kf8 36. Bc4 Bc7 37. Kf2 Ke7 38. Kf3 Kf6 39. Bc3+ Ke7 40. h4 Kd6 41. Bg8 h6 42. Bh7 Bd8 43. Bxg6 Bxh4 44. Bg7 Be7 45. Bxh6 b5 46. Be8 a4 47. bxa4 bxa4 48. e5+ Kd5 49. Bxa4 Nd3 50. Bb3+ Kd4 51. Bg7 Kc3 52. Bg8 Kd4 53. e6+ Kd5 54. f5 Ne5+ 55. Kf4 Nd3+ 56. Kg4 Ne5+ 57. Kh5 Nd3 58. f6 Bxf6 59. e7+ Kd6 60. e8=Q Bxg7 61. Qg6+ 1-0


[Site "https://www.chess.com"]

[Event "Titled Tuesday Blitz May 16 Late 2023"]
[White "Ladan, Nicholas"]
[Black "Alexikov, Alexander"]
[WhiteFideId "30918855"]
[BlackFideId "14103958"]
[WhiteElo "2167"]
[BlackElo "2186"]
[Result "1-0"]
[Round "10"]
[TimeControl "180+2"]
[Date "2023.05.16"]
[WhiteClock "0:00:01"]
[BlackClock "0:00:00"]

1. d4 Nf6 2. Nf3 g6 3. Nbd2 Bg7 4. e3 d6 5. b4 O-O 6. c4 b6 7. Bd3 c5 8. bxc5 bxc5 9. O-O Nc6 10. Ne4 cxd4 11. exd4 d5 12. Nxf6+ Bxf6 13. Bh6 Re8 14. c5 Bg4 15. h3 Bxf3 16. Qxf3 Nxd4 17. Qd1 e5 18. Rc1 e4 19. Ba6 Qc7 20. Be3 Nf5 21. Qxd5 Rad8 22. Qb3 Qe5 23. Bc4 Re7 24. c6 Rc7 25. Qb5 Nxe3 26. Qxe5 Bxe5 27. fxe3 Kg7 28. Bb3 f5 29. Rc5 Kf6 30. Rfc1 Rd3 31. Rb5 Rxe3 32. Rb7 Rd3 33. Kf1 f4 34. Rc5 1-0


[Site "https://www.chess.com"]

[Event "Titled Tuesday Blitz May 16 Late 2023"]
[White "Bashkansky, Ethan"]
[Black "Liu, Eric"]
[WhiteFideId "2071533"]
[BlackFideId "30960240"]
[WhiteElo "2320"]
[BlackElo "2094"]
[Result "0-1"]
[Round "10"]
[TimeControl "180+2"]
[Date "2023.05.16"]
[WhiteClock "0:01:47"]
[BlackClock "0:01:45"]

1. d4 b6 2. c4 Bb7 3. a3 e6 4. d5 h5 5. Nc3 h4 6. e4 e5 7. Nh3 d6 8. Be2 Be7 9. O-O Nf6 10. b4 Nbd7 11. Bg4 Ba6 12. Bxd7+ Qxd7 13. Qb3 Bc8 14. f3 Qd8 15. Nf2 Nh5 16. Kh1 Bg5 17. c5 Bxc1 18. Raxc1 Ng3+ 19. hxg3 hxg3+ 20. Nh3 Bxh3 21. gxh3 Rxh3+ 22. Kg1 Qh4 23. f4 Rh1+ 24. Kg2 Qh3+ 25. Kf3 g2+ 0-1


[Site "https://www.chess.com"]

[Event "Titled Tuesday Blitz May 16 Late 2023"]
[White "Rottenwohrer Suarez, Juan"]
[Black "Cooklev, Steven"]
[WhiteFideId "32068182"]
[BlackFideId "2050552"]
[WhiteElo "2174"]
[BlackElo "2304"]
[Result "1-0"]
[Round "10"]
[TimeControl "180+2"]
[Date "2023.05.16"]
[WhiteClock "0:00:05"]
[BlackClock "0:00:00"]

1. Nf3 Nf6 2. g3 d5 3. Bg2 c5 4. O-O Nc6 5. c4 e6 6. cxd5 exd5 7. d4 Be7 8. Nc3 O-O 9. Bg5 c4 10. Ne5 Be6 11. e3 Qa5 12. Qa4 Qxa4 13. Nxa4 h6 14. Bxf6 Bxf6 15. f4 Rad8 16. Nc5 Bc8 17. b3 Nxe5 18. fxe5 Be7 19. Na4 f6 20. exf6 Rxf6 21. Nc3 Be6 22. bxc4 dxc4 23. Bxb7 Rxf1+ 24. Rxf1 Bg5 25. Re1 Rb8 26. Bd5 Bxd5 27. Nxd5 Rb2 28. h4 Bd8 29. Rc1 Rxa2 30. Rxc4 Ba5 31. Rc1 Bd2 32. Rd1 a5 33. Kf2 a4 34. Ke2 Ba5+ 35. Kd3 a3 36. Ne7+ Kf7 37. Nc6 Bc7 38. Nb4 Rg2 39. Ra1 Rxg3 40. Rxa3 Bf4 41. Nd5 Bd6 42. Ra6 Ke6 43. Nf4+ Kd7 44. Ra7+ Kc6 45. Nh5 Rh3 46. Nxg7 Bf4 47. Nf5 Kd5 48. Ra6 1-0


[Site "https://www.chess.com"]

[Event "Titled Tuesday Blitz May 16 Late 2023"]
[White "Toniutti, Ezio"]
[Black "Magallanes, Rey Jomar"]
[WhiteFideId "113034"]
[BlackFideId "5205948"]
[WhiteElo "2215"]
[BlackElo "2294"]
[Result "1-0"]
[Round "10"]
[TimeControl "180+2"]
[Date "2023.05.16"]
[WhiteClock "0:00:18"]
[BlackClock "0:01:27"]

1. d4 d5 2. c4 e6 3. Nf3 Nf6 4. g3 Be7 5. Bg2 O-O 6. O-O c6 7. Nbd2 Nbd7 8. Qc2 Qc7 9. e4 dxe4 10. Nxe4 Nxe4 11. Qxe4 Nf6 12. Qc2 c5 13. Bf4 Qb6 14. Rfd1 Bd7 15. dxc5 Bxc5 16. Ne5 Bc6 17. Bxc6 bxc6 18. b4 Bd4 19. Rab1 c5 20. bxc5 Qxc5 21. Rb5 Qd6 22. c5 Qa6 23. a4 Rfd8 24. c6 Rac8 25. c7 Re8 26. Qc4 Bxe5 27. Bxe5 Nd5 28. Rdxd5 exd5 29. Qxd5 Qe6 30. Qd4 f6 31. Bf4 Qe1+ 32. Kg2 Qe4+ 33. Qxe4 Rxe4 34. Rb7 a5 35. Rb8 Ree8 36. h4 Kf7 37. h5 g6 38. hxg6+ hxg6 39. g4 g5 40. Bg3 Kg6 41. Rb5 Rb8 42. cxb8=Q Rxb8 43. Rxb8 f5 44. Rb6+ Kg7 45. gxf5 Kf7 46. Be5 g4 47. Rb7+ Ke8 48. f6 g3 49. f7+ Kf8 50. Bd6+ Kg7 51. f8=Q+ Kg6 52. Rg7+ Kh5 53. Qh8# 1-0


[Site "https://www.chess.com"]

[Event "Titled Tuesday Blitz May 16 Late 2023"]
[White "merinasian"]
[Black "Kev4444444444"]
[WhiteElo "2435"]
[BlackElo "2168"]
[Result "1-0"]
[Round "10"]
[TimeControl "180+2"]
[Date "2023.05.16"]
[WhiteClock "0:00:05"]
[BlackClock "0:00:10"]

1. d4 c6 2. Nf3 d5 3. g3 Nf6 4. Bg2 g6 5. c4 Bg7 6. O-O dxc4 7. Ne5 Be6 8. Na3 O-O 9. Naxc4 Bd5 10. f3 Ne8 11. Ne3 Nd7 12. Nxd7 Qxd7 13. Nxd5 Qxd5 14. e3 Nd6 15. Qb3 Rac8 16. Bd2 Nc4 17. Rad1 Nxd2 18. Rxd2 Qxb3 19. axb3 Rfd8 20. Rfd1 Rc7 21. f4 e6 22. Kf2 Bf8 23. Bf3 Bb4 24. Rc2 Rcd7 25. Rc4 a5 26. Rdc1 h5 27. h3 h4 28. gxh4 Kf8 29. h5 Ke7 30. hxg6 fxg6 31. Rg1 c5 32. Rxg6 cxd4 33. exd4 Rxd4 34. Rxd4 Rxd4 35. Bg4 Rxf4+ 36. Kg3 Re4 37. Kf3 Re1 38. h4 b6 39. h5 Kf7 40. Rh6 Kg7 41. Rxe6 Rb1 42. h6+ Kg8 43. Bf5 Rf1+ 44. Kg4 Rg1+ 45. Kh5 Rh1+ 46. Kg6 Rg1+ 47. Kf6 Bf8 48. h7+ Kh8 49. Re8 Rg8 50. hxg8=Q+ Kxg8 51. Be6+ Kh8 52. Rxf8+ Kh7 53. Bf5+ Kh6 54. Rh8# 1-0


[Site "https://www.chess.com"]

[Event "Titled Tuesday Blitz May 16 Late 2023"]
[White "K2JW"]
[Black "Bjelobrk, Igor"]
[BlackFideId "4300726"]
[WhiteElo "2375"]
[BlackElo "2319"]
[Result "0-1"]
[Round "10"]
[TimeControl "180+2"]
[Date "2023.05.16"]
[WhiteClock "0:00:14"]
[BlackClock "0:02:04"]

1. d4 e6 2. c4 b6 3. a3 Bb7 4. Nc3 f5 5. d5 Nf6 6. g3 Bd6 7. Bg2 Be5 8. Bd2 O-O 9. f4 Bxc3 10. Bxc3 exd5 11. cxd5 Re8 12. Qd4 d6 13. O-O-O Nbd7 14. Re1 Nc5 15. Nh3 Nb3+ 0-1


[Site "https://www.chess.com"]

[Event "Titled Tuesday Blitz May 16 Late 2023"]
[White "ArchibaldCerveza29"]
[Black "Fishbein, Mitch"]
[BlackFideId "30922917"]
[WhiteElo "2368"]
[BlackElo "1964"]
[Result "1-0"]
[Round "10"]
[TimeControl "180+2"]
[Date "2023.05.16"]
[WhiteClock "0:01:01"]
[BlackClock "0:00:00"]

1. d4 Nf6 2. c4 g6 3. Nc3 Bg7 4. e4 d6 5. Be2 O-O 6. Nf3 e5 7. dxe5 dxe5 8. Qxd8 Rxd8 9. Bg5 Re8 10. O-O-O c6 11. Nxe5 Na6 12. f4 Nc5 13. Bf3 a5 14. Rd6 Be6 15. Rhd1 h6 16. Bh4 g5 17. Bg3 g4 18. Bf2 gxf3 19. Bxc5 fxg2 20. R6d2 Bh3 21. Rd3 Be6 22. Rg1 Nh5 23. Be3 Bh3 24. Bd2 Be6 25. Rxg2 Kh7 26. c5 Bxe5 27. fxe5 Rg8 28. Rf2 Rg1+ 29. Kc2 Rag8 30. Rdf3 R1g2 31. Nd1 Rxf2 32. Rxf2 Rg1 33. Ne3 Rh1 34. Nf5 Ng7 35. Nxh6 Nh5 36. Nxf7 Bxf7 37. Rxf7+ Kg6 38. Rxb7 Rxh2 39. Rc7 Ng3 40. Rxc6+ Kf7 41. Kd3 Nf1 42. Bf4 Rxb2 43. e6+ Ke7 44. Bg5+ Kf8 45. e7+ Kf7 46. Rf6+ Kxe7 47. Rf2+ Kd7 48. Rxb2 1-0


[Site "https://www.chess.com"]